 Dungeon Crawl Stone Soup version 0.25.0-11-g1f837a7 (webtiles) character file.

Game seed: 1707400446273783953

53905 Nicocat the Cleaver (level 15, -2/108 HPs)
             Began as a Formicid Fighter on June 24, 2020.
             Was the Champion of Ru.
             Slain by an orc warrior
             ... wielding a +0 halberd
              (15 damage)
             ... on level 2 of the Orcish Mines.
             The game lasted 00:46:37 (18158 turns).

Nicocat the Cleaver (Formicid Fighter)             Turns: 18158, Time: 00:46:37

Health: -2/108     AC: 17    Str: 23    XL:     15   Next: 11%
Magic:  0/22       EV: 15    Int: 13    God:    Ru [******]
Gold:   2010       SH:  0    Dex: 12    Spells: 14/14 levels left

rFire    + + +     SeeInvis +   b - +3 battleaxe of Onyar {vorpal, +Inv rF++ Int+3}
rCold    + . .     Gourm    .   (shield unavailable)
rNeg     . . .     Faith    .   W - +2 chain mail {rF+}
rPois    .         Spirit   +   (helmet unavailable)
rElec    .         Reflect  .   J - scarf {rC+ rF+}
rCorr    .         Harm     .   w - +0 pair of gloves
MR       +....                  s - +0 pair of boots
Stlth    ..........             O - amulet of guardian spirit
HPRegen  0.28/turn              (ring unavailable)
MPRegen  0.18/turn              D - +4 ring of evasion

@: no scrolls, lightly drained
A: permanent stasis, dig shafts and tunnels, four strong arms, antennae 3, frail
1, inability to read while threatened, missing a hand, hated by all, no charms
magic, no poison magic, no transmutations magic
a: Dig, Shaft Self, Draw Out Power, Power Leap, Apocalypse, Renounce Religion,
Evoke Invisibility


You were on level 2 of the Orcish Mines.
You worshipped Ru.
Ru was exalted by your worship.
You were not hungry.

You visited 3 branches of the dungeon, and saw 18 of its levels.

You collected 2255 gold pieces.
You spent 245 gold pieces at shops.

Inventory:

Hand Weapons
 a - a +0 halberd of venom
 b - the +3 battleaxe of Onyar (weapon) {vorpal, +Inv rF++ Int+3}
   (You found it on level 7 of the Dungeon)

   It inflicts extra damage upon your enemies.
   It affects your intelligence (+3).
   It greatly protects you from fire.
   It lets you turn invisible.
 p - a +1 hand axe of flaming
Missiles
 h - 39 boomerangs (quivered)
 A - 49 poisoned darts
 L - 2 throwing nets
Armour
 n - the +1 ring mail of Iloqu {rN++ MR- rCorr Slay+3}
   (You found it on level 7 of the Dungeon)

   It affects your accuracy and damage with ranged weapons and melee attacks
   (+3).
   It greatly protects you from negative energy.
   It affects your resistance to hostile enchantments.
   It provides partial protection from all sources of acid and corrosion.
 s - a +0 pair of boots (worn)
 w - a +0 pair of gloves (worn)
 E - a +1 scale mail
 J - a scarf of resistance (worn)
 Q - a +0 cloak
 W - a +2 chain mail of fire resistance (worn)
Jewellery
 D - a +4 ring of evasion (right hand)
 F - an uncursed ring of positive energy
 G - an uncursed ring of wizardry
 K - an uncursed ring of protection from cold
 O - an amulet of guardian spirit (around neck)
 T - the ring "Caetaw Ditol" {rF+ MR- MP+9 Int+2 Stlth+}
   (You found it on level 2 of the Lair of Beasts)

   [ring of protection from fire]

   It affects your intelligence (+2).
   It protects you from fire.
   It affects your resistance to hostile enchantments.
   It affects your magic capacity (+9).
   It makes you more stealthy.
 V - a +6 ring of intelligence
 Z - an uncursed ring of protection from fire
Wands
 e - a wand of flame (24)
 y - a wand of iceblast (9)
 z - a wand of paralysis (18)
 M - a wand of clouds (6)
 R - a wand of polymorph (7)
Scrolls
 i - 8 scrolls of remove curse
 m - 5 scrolls of magic mapping
 o - 3 scrolls of enchant weapon {unknown}
 q - 3 scrolls of blinking {unknown}
 r - 3 scrolls of immolation {unknown}
 t - 3 scrolls of fear {unknown}
 C - 2 scrolls of vulnerability {unknown}
 H - a scroll of amnesia {unknown}
 I - 2 scrolls of brand weapon {unknown}
 S - a scroll of fog {unknown}
 U - a scroll of torment {unknown}
Potions
 d - 3 potions of might
 k - 4 potions of heal wounds
 l - 6 potions of curing
 u - 3 potions of brilliance
 v - 3 potions of lignification
 x - 2 potions of cancellation
 N - a potion of magic
 P - a potion of mutation
 X - a potion of invisibility
 Y - a potion of stabbing {unknown}
Miscellaneous
 B - a tin of tremorstones (inert)
Comestibles
 c - 4 chunks of flesh
 f - 29 rations


   Skills:
 - Level 12.0(11.5) Fighting
 * Level 12.9 Axes
 - Level 6.5(10.2) Polearms
 - Level 8.0(7.5) Throwing
 * Level 12.4(12.0) Armour
 - Level 6.0(5.5) Dodging
 + Level 10.5(10.0) Evocations


You had 14 spell levels left.
You didn't know any spells.
Your spell library contained the following spells:

 Spells                   Type           Power        Failure   Level  Hunger
 Magic Dart               Conj           #...         85%         1    ##.....
 Pain                     Necr           #...         85%         1    ##.....
 Corpse Rot               Necr/Air       N/A          94%         2    ###....
 Searing Ray              Conj           #.....       94%         2    ###....
 Dazzling Flash           Conj/Hex       #.....       99%         3    ####...
 Stone Arrow              Conj/Erth      #.....       99%         3    ####...
 Vampiric Draining        Necr           #.........   99%         3    ####...
 Fulminant Prism          Conj/Hex       #.........   100%        4    #####..
 Iskenderun's Mystic Bla  Conj/Tloc      #.......     100%        4    #####..
 Bolt of Magma            Conj/Fire/Erth #.........   100%        5    ######.
 Conjure Ball Lightning   Conj/Air       #.........   100%        6    #######
 Iron Shot                Conj/Erth      #.........   100%        6    #######
 Orb of Destruction       Conj           #.........   100%        7    #######
 Infusion                 Chrm           Unusable     N/A         1    N/A
 Sting                    Tmut/Pois      Unusable     N/A         1    N/A
 Poisonous Vapours        Pois/Air       Unusable     N/A         2    N/A
 Shroud of Golubria       Chrm/Tloc      Unusable     N/A         2    N/A
 Song of Slaying          Chrm           Unusable     N/A         2    N/A
 Ignite Poison            Fire/Tmut/Pois Unusable     N/A         3    N/A
 Mephitic Cloud           Conj/Pois/Air  Unusable     N/A         3    N/A
 Ozocubu's Armour         Chrm/Ice       Unusable     N/A         3    N/A
 Spectral Weapon          Hex/Chrm       Unusable     N/A         3    N/A
 Animate Dead             Necr           Unusable     N/A         4    N/A
 Olgreb's Toxic Radiance  Pois           Unusable     N/A         4    N/A
 Iskenderun's Battlesphe  Conj/Chrm      Unusable     N/A         5    N/A
 Summon Forest            Summ/Tloc      Unusable     N/A         5    N/A
 Death Channel            Necr           Unusable     N/A         6    N/A
 Eringya's Noxious Bog    Tmut/Pois      Unusable     N/A         6    N/A
 Hydra Form               Tmut           Unusable     N/A         6    N/A
 Spellforged Servitor     Conj/Summ      Unusable     N/A         7    N/A
 Summon Hydra             Summ           Unusable     N/A         7    N/A

Dungeon Overview and Level Annotations

Branches:
Dungeon (10/15)            Temple (0/1) D:4            Lair (6/6) D:9
  Swamp (0/4) Lair:4       Spider (0/4) Lair:4        Slime (0/5) Lair:6
    Orc (2/2) D:9             Elf (0/3) Orc:2

Altars:
Ashenzari
Dithmenos
Fedhas
Kikubaaqudgha
Makhleb
Nemelex Xobeh
Qazlal
Ru
Sif Muna
Trog
Uskayaw
Wu Jian
Xom
Yredelemnul
The Shining One
Jiyva

Shops:
D:7 ?   D:8 *   Orc:2 %%

Annotations:
D:2 1 runed translucent door, Crazy Yiuf
D:3 2 transporters, KittyFluff's ghost, amateur GrBe
Lair:6 2 transporters, Gutyqen's ghost, journeyman TeMo


Innate Abilities, Weirdness & Mutations

You cannot be hasted, slowed, berserked, paralysed or teleported.
You can dig through walls and to a lower floor.
Your four strong arms can wield two-handed weapons with a shield.
You have a pair of large antennae on your head. (SInv)
You cannot read scrolls while threatened.
You are missing a hand.
You are hated by all.
You cannot study or cast Charms magic.
You cannot study or cast Poison magic.
You cannot study or cast Transmutations magic.
You are frail. (-10% HP)


Message History

The burst of rock shards engulfs the orc knight.
The burst of rock shards engulfs the orc high priest!
You kill the orc high priest!
The burst of rock shards engulfs you but does no damage.
The burst of rock shards engulfs the orc knight!
The burst of rock shards engulfs you.
The tin is emptied!
The orc warrior hits you from afar with a +0 halberd!!
* * * LOW HITPOINT WARNING * * *
The orc knight shoots a bolt.
The bolt hits you but does no damage.
The orc warrior hits you but does no damage.
You see here 2 bolts.
Unknown command.
The orc knight is stunned by your will and fails to attack.
The orc warrior closely misses you.
Unknown command.
The orc knight shoots a bolt.
The bolt hits you!
* * * LOW HITPOINT WARNING * * *
An orc knight comes into view. It is wielding a +1 battleaxe.
The orc warrior hits you from afar with a +0 halberd!!
You die...

#..#.#.)...#.#).###...##.##
..##....#..))##))###......#
.###...###...###))###....## ..
###.).## ##...###))###....##.#
##..o## {##...###))##........
#)..## ##...###............
...## { { { ##...###...#.......
#.## {{ ##.#(###.......... )##
##@..###.......... #.# {
{##.#.###........#.. ...# {
{##(o.###............ #...# {{
#...###............. ##33.# {
#o).###.....).....^.. ###.{{#
#)..###............... .###....
)o..###.#..............
..###.#o..#.###......#).).......
...###.....# #...........#......


You could see 2 orc knights and an orc warrior (strong).

Vanquished Creatures
  5 hydras
  3 catoblepae (Lair:6)
  Erica (Orc:1)
  6 death yaks (Lair:6)
  A two-headed ogre (D:9)
  3 orc high priests (Orc:2)
  A soul eater (Orc:2)
  2 sixfirhies (Orc:2)
  4 orc knights (Orc:2)
  2 manticores (Lair:6)
  2 orc sorcerers
  5 black mambas
  16 elephants
  A torpor snail (Lair:3)
  11 spiny frogs
  2 rime drakes
  7 komodo dragons
  2 trolls
  A polar bear (Lair:6)
  A hornet (Lair:4)
  12 dream sheep
  29 blink frogs
  9 hippogriffs
  A wyvern (Lair:5)
  A wraith (D:10)
  27 yaks
  Grum (D:10)
  A chaos spawn (Orc:2)
  3 basilisks
  A warg (Orc:2)
  7 water moccasins
  7 porcupines
  2 black bears
  A sky beast (D:7)
  An ice beast (D:5)
  25 orc warriors
  2 phantoms
  7 wolves
  5 ogres
  3 centaurs
  8 crocodiles
  2 big kobolds
  7 bullfrogs
  A wyvern zombie (D:10)
  A wyvern skeleton (D:10)
  6 scorpions
  3 killer bees (D:8)
  5 crimson imps
  2 bullfrog zombies
  2 quasits (D:9)
  5 hounds
  28 orc priests
  2 jellies
  13 orc wizards
  2 bullfrog skeletons
  2 centaur skeletons
  Jessica (D:2)
  3 iguanas
  10 worker ants
  A hound skeleton (D:5)
  2 howler monkey skeletons
  13 gnolls
  16 adders
  4 shadow imps
  An ooze (D:6)
  An adder zombie (D:6)
  4 adder skeletons
  6 worms
  2 dart slugs
  6 leopard geckos
  50 orcs
  2 ball pythons (D:3)
  5 giant cockroaches
  7 goblins
  2 hobgoblins
  4 jackals (D:3)
  7 quokkas
  2 bats
  2 frilled lizards
  2 gnoll zombies (D:4)
  14 kobolds
  A leopard gecko zombie (D:8)
  A quokka zombie (D:6)
  8 rats
  6 fungi
  4 plants
497 creatures vanquished.

Vanquished Creatures (others)
  An adder skeleton (D:5)
  4 orcs
  A giant cockroach (Lair:4)
  6 fungi
  5 plants
17 creatures vanquished.

Grand Total: 514 creatures vanquished

Notes
Turn   | Place    | Note
-------+----------+-------------------------------------------
     0 | D:1      | Nicocat the Formicid Fighter began the quest for the Orb.
     0 | D:1      | Reached XP level 1. HP: 18/18 MP: 1/1
    68 | D:1      | Reached XP level 2. HP: 12/24 MP: 2/2
   565 | D:2      | Reached XP level 3. HP: 29/29 MP: 3/3
   854 | D:2      | Reached XP level 4. HP: 31/36 MP: 4/4
   875 | D:2      | Found a sacrificial altar of Ru.
   894 | D:2      | Became a worshipper of Ru the Awakened
  1062 | D:2      | Found a stormy altar of Qazlal.
  1064 | D:2      | Noticed an air elemental
  1065 | D:2      | Noticed a water elemental
  1065 | D:2      | Noticed a fire elemental
  1065 | D:2      | Noticed an earth elemental
  1122 | D:2      | Found a sparkling altar of Nemelex Xobeh.
  1233 | D:2      | Found an ornate altar of the Wu Jian Council.
  1294 | D:2      | Found a runed translucent door.
  1295 | D:2      | Noticed Crazy Yiuf
  1333 | D:2      | Noticed Jessica
  1338 | D:2      | Killed Jessica
  1400 | D:2      | Reached XP level 5. HP: 34/42 MP: 5/5
  1924 | D:3      | Reached skill level 5 in Shields
  1952 | D:3      | Found an ancient bone altar of Kikubaaqudgha.
  1954 | D:3      | Found a blossoming altar of Fedhas.
  2037 | D:3      | Gained mutation: You are missing a hand. [Ru sacrifice]
  2037 | D:3      | Reached * piety under Ru
  2037 | D:3      | Reached ** piety under Ru
  2037 | D:3      | Reached *** piety under Ru
  2040 | D:3      | Noticed KittyFluff's ghost (amateur GrBe)
  2058 | D:3      | Found a transporter.
  2386 | D:3      | Found a transporter.
  2474 | D:4      | Noticed an ogre
  2482 | D:4      | Killed an ogre
  2482 | D:4      | Reached XP level 6. HP: 19/48 MP: 6/6
  2673 | D:4      | Reached skill level 1 in Dodging
  3184 | D:4      | Reached XP level 7. HP: 34/55 MP: 7/7
  3294 | D:4      | Found a staircase to the Ecumenical Temple.
  3334 | D:4      | Found a shattered altar of Ashenzari.
  3695 | D:4      | Found a basalt altar of Yredelemnul.
  3753 | D:5      | Entered Level 5 of the Dungeon
  3774 | D:5      | Reached skill level 5 in Polearms
  3842 | D:5      | Reached skill level 5 in Armour
  3927 | D:5      | Reached skill level 5 in Fighting
  4018 | D:5      | Reached XP level 8. HP: 62/62 MP: 8/8
  4490 | D:6      | Found a hide-covered altar of Uskayaw.
  4492 | D:6      | Gained mutation: You are hated by all. [Ru sacrifice]
  4492 | D:6      | Reached **** piety under Ru
  5259 | D:7      | Identified the cursed +1 ring mail of Iloqu {rN++ MR- rCorr
                  | Slay+3} (You found it on level 7 of the Dungeon)
  5340 | D:7      | Reached XP level 9. HP: 53/69 MP: 9/9
  5451 | D:7      | Got an ichor-stained battleaxe
  5477 | D:7      | Identified the +3 battleaxe of Onyar {vorpal, +Inv rF++
                  | Int+3} (You found it on level 7 of the Dungeon)
  5627 | D:7      | Reached skill level 1 in Axes
  5866 | D:7      | Found a glowing golden altar of the Shining One.
  5961 | D:7      | Found Vuwekk's Magic Scroll Boutique.
  5964 | D:7      | Bought a scroll of magic mapping for 49 gold pieces
  5964 | D:7      | Bought 2 scrolls of magic mapping for 98 gold pieces
  5964 | D:7      | Bought a scroll of remove curse for 42 gold pieces
  6073 | D:8      | Found a shadowy altar of Dithmenos.
  6168 | D:8      | Found a shimmering altar of Xom.
  6229 | D:8      | Gained mutation: You cannot study or cast Poison magic. [Ru
                  | sacrifice]
  6229 | D:8      | Gained mutation: You cannot study or cast Transmutations
                  | magic. [Ru sacrifice]
  6229 | D:8      | Gained mutation: You cannot study or cast Charms magic. [Ru
                  | sacrifice]
  6229 | D:8      | Reached ***** piety under Ru
  6263 | D:8      | Found Roneoxt's Assorted Antiques.
  6560 | D:8      | Bought a scroll of identify for 56 gold pieces
  7023 | D:9      | Found a staircase to the Orcish Mines.
  7233 | D:9      | Noticed a troll
  7242 | D:9      | Killed a troll
  7242 | D:9      | Reached XP level 10. HP: 46/79 MP: 10/10
  7312 | D:9      | Noticed a two-headed ogre
  7479 | D:9      | Reached skill level 5 in Axes
  7547 | D:9      | Reached skill level 5 in Dodging
  7663 | D:9      | Killed a two-headed ogre
  7711 | D:9      | Found a shimmering blue altar of Sif Muna.
  7893 | D:9      | Found a staircase to the Lair.
  7959 | D:9      | Gained mutation: You cannot read scrolls while threatened.
                  | [Ru sacrifice]
  7959 | D:9      | Reached ****** piety under Ru
  8233 | D:9      | Found a burning altar of Makhleb.
  8315 | D:10     | Entered Level 10 of the Dungeon
  8475 | D:10     | Reached skill level 1 in Throwing
  8627 | D:10     | Noticed Grum
  8638 | D:10     | Killed Grum
  8638 | D:10     | Reached XP level 11. HP: 62/86 MP: 11/11
  9290 | Lair:1   | Entered Level 1 of the Lair of Beasts
 10877 | Lair:2   | Reached skill level 1 in Evocations
 10879 | Lair:2   | Got a bound wooden ring
 10881 | Lair:2   | Identified the ring "Caetaw Ditol" {rF+ MR- MP+9 Int+2
                  | Stlth+} (You found it on level 2 of the Lair of Beasts)
 11566 | Lair:2   | Reached XP level 12. HP: 82/95 MP: 14/14
 12225 | Lair:3   | Reached skill level 5 in Evocations
 12267 | Lair:3   | Reached skill level 5 in Throwing
 12327 | Lair:3   | Reached skill level 10 in Armour
 12341 | Lair:3   | Reached skill level 10 in Fighting
 12452 | Lair:3   | Noticed a seven-headed hydra
 12459 | Lair:3   | Killed a seven-headed hydra
 12466 | Lair:3   | Identified the Reference Book on Lightness and Dark Rituals
 13190 | Lair:4   | Reached XP level 13. HP: 90/103 MP: 18/18
 13260 | Lair:4   | Noticed a five-headed hydra
 13265 | Lair:4   | Killed a five-headed hydra
 13361 | Lair:4   | Found a staircase to the Swamp.
 13460 | Lair:4   | Found a hole to the Spider Nest.
 13515 | Lair:4   | Noticed an eight-headed hydra
 13520 | Lair:4   | Killed an eight-headed hydra
 13520 | Lair:4   | Reached skill level 10 in Axes
 14374 | Lair:5   | Noticed an eight-headed hydra
 14391 | Lair:5   | Killed a ten-headed hydra
 14669 | Lair:6   | Entered Level 6 of the Lair of Beasts
 14682 | Lair:6   | Found a staircase to the Slime Pits.
 14682 | Lair:6   | Found a viscous altar of Jiyva.
 14765 | Lair:6   | Gained mutation: You are frail. (-10% HP) [mutagenic glow]
 14776 | Lair:6   | Reached XP level 14. HP: 68/101 MP: 15/20
 15641 | Lair:6   | Found a transporter.
 15675 | Lair:6   | Identified the +10 trident "Henaul" {venom, rF+ rC- Str+4
                  | SInv}
 15677 | Lair:6   | Found a bloodstained altar of Trog.
 15677 | Lair:6   | Noticed Gutyqen's ghost (journeyman TeMo)
 15678 | Lair:6   | Identified the +9 trident "Siyhe" {vorpal, Stlth+}
 15690 | Lair:6   | Found a transporter.
 15805 | Lair:6   | Found the +7 lajatang of Order {silver, rMut}
 15868 | Lair:6   | Reached skill level 10 in Evocations
 16319 | Orc:1    | Entered Level 1 of the Orcish Mines
 16468 | Orc:1    | Found a burning altar of Makhleb.
 16617 | Orc:1    | Noticed Erica
 16629 | Orc:1    | Killed Erica
 16983 | Orc:2    | Entered Level 2 of the Orcish Mines
 17608 | Orc:2    | Found Kisag's Food Shop.
 17609 | Orc:2    | Found Foink's Food Boutique.
 17976 | Orc:2    | Found a staircase to the Elven Halls.
 18035 | Orc:2    | Reached XP level 15. HP: 63/108 MP: 7/22
 18158 | Orc:2    | Slain by an orc warrior

Illustrated notes

Levels and vault maps discovered:
D:1:      moated_graveyard_arrival, layout_basic, chequers_serial_rivers_room_b
D:2:      layout_basic, nicolae_overflow_hidden_temple, lemuel_crystal_altar,
          lemuel_crystal_altar, nicolae_qazlal_style_of_elements,
          uniq_crazy_yiuf_cottage, uniq_jessica
D:3:      layout_loops_ring, grunt_temple_overflow_growth_and_decay,
          first_ration, gammafunk_ghost_arena, grunt_ministairs_2,
          minmay_misc_feat_square
D:4:      layout_loops_ring, lemuel_zombie_altar_yredelemnul, ashenzari_altar_1,
          minmay_temple_entry_purple_smoke
D:5:      layout_rooms
D:6:      layout_rooms, eat_drink_and_be_merry_uskayaw
D:7:      layout_cave_pods, basic_altar, serial_shops, nicolae_shop_behind_doors
D:8:      layout_basic, old_standard_altar, lemuel_crystal_altar, serial_shops,
          nicolae_shop_stone
D:9:      wander_river, layout_small_grid, kennysheep_mini_moat,
          makhleb_heckhound_becter, david_lair_generic, orc_0_dummy,
          grunt_ogre_cave, minmay_fractal_squares_5
D:10:     layout_loops_cross, grunt_tough_drop, uniq_grum
Lair:1:   layout_hall_layers
Lair:2:   minmay_lair_venomous_thicket, layout_hall_layers,
          grunt_forest_stairs_basic, st_stairs_11
Lair:3:   layout_chaotic_city
Lair:4:   layout_loops_ring, swamp_mist, nicolae_spider_entry_non_spiders,
          infiniplex_staircase_pool
Lair:5:   layout_big_grid
Lair:6:   evilmike_catoblepas_cave, layout_misc_corridors, slime_altar_1,
          gammafunk_ghost_wrathful_warriors
Orc:1:    layout_caves, basic_altar, uniq_erica
Orc:2:    pf_orc_diabolical, layout_caves

Skill      XL: |  1  2  3  4  5  6  7  8  9 10 11 12 13 14 |
---------------+-------------------------------------------+-----
Shields        | 4 0 |  0.0
Polearms       | 3 4 5 6 |  6.5
Fighting       | 4 5 6 7 8 9 10 11 12 | 12.0
Armour         | 4 5 6 8 9 10 11 12 | 12.4
Dodging        | 1 2 3 4 6 |  6.0
Axes           | 4 7 9 11 12 | 12.9
Throwing       | 1 4 6 7 8 |  8.0
Evocations     | 3 7 9 10 | 10.5

Action                   |  1- 3 |  4- 6 |  7- 9 | 10-12 | 13-15 || total
-------------------------+-------+-------+-------+-------+-------++-------
Melee: Trident           |    89 |   224 |       |       |       ||   313
       Halberd           |       |       |   363 |   257 |     8 ||   628
       Battleaxe         |       |       |       |   191 |   340 ||   531
Throw: Boomerang         |       |     3 |     7 |       |    18 ||    28
       Throwing net      |       |       |       |     1 |       ||     1
       Dart              |       |       |       |       |    12 ||    12
Invok: Sacrifice a Hand  |       |     1 |       |       |       ||     1
       Draw Out Power    |       |     1 |       |     8 |     4 ||    13
       Sacrifice Love    |       |       |     1 |       |       ||     1
       Power Leap        |       |       |     5 |       |     6 ||    11
       Sacrifice Arcana  |       |       |     1 |       |       ||     1
       Sacrifice Words   |       |       |       |     1 |       ||     1
       Apocalypse        |       |       |       |       |     4 ||     4
 Abil: Evoke Invisibilit |       |       |       |     8 |    10 ||    18
Evoke: Wand              |       |     8 |     1 |     7 |    16 ||    32
       Tin of tremorston |       |       |       |       |     4 ||     4
  Use: Scroll            |     2 |     1 |     3 |     1 |    12 ||    19
 Stab: Invisible         |       |       |     5 |    25 |    30 ||    60
       Paralysed         |       |       |     1 |     3 |    10 ||    14
       Sleeping          |       |       |       |     6 |       ||     6
       Distracted        |       |       |       |       |     3 ||     3
  Eat: Chunk             |       |     4 |    12 |    21 |    16 ||    53
       Ration            |       |     1 |       |     1 |     1 ||     3
Armor: Scale mail        |    24 |    72 |    57 |       |       ||   153
       Ring mail         |       |       |    39 |   117 |    43 ||   199
       Chain mail        |       |       |       |       |    30 ||    30
Dodge: Dodged            |    22 |    69 |   255 |   398 |   273 ||  1017
Block: Kite shield       |    42 |    66 |       |       |       ||   108
